 Dungeon Crawl Stone Soup version 0.25.1-2-g60ff931df9 (webtiles) character file.

Game seed: 4988633291316762552

93 Doot the Ducker (level 4, -5/33 HPs)
             Began as a Demonspawn Gladiator on Sept 8, 2020.
             Slain by an ogre
             ... wielding a +0 giant spiked club
              (38 damage)
             ... on level 4 of the Dungeon.
             The game lasted 00:02:09 (1385 turns).

Doot the Ducker (Demonspawn Gladiator)              Turns: 1385, Time: 00:02:10

Health: -5/33      AC:  5    Str: 15    XL:     4   Next: 37%
Magic:  4/4        EV: 13    Int: 10    God:
Gold:   87         SH:  0    Dex: 14    Spells: 3/3 levels left

rFire    . . .     SeeInvis +   a - +0 flail
rCold    . . .     Gourm    .   (no shield)
rNeg     . . .     Faith    .   b - +0 leather armour
rPois    .         Spirit   .   c - +0 helmet
rElec    .         Reflect  .   i - scarf {harm}
rCorr    .         Harm     +   q - +0 pair of gloves
MR       .....                  (no boots)
Stlth    +.........             (no amulet)
HPRegen  0.11/turn              p - ring of see invisible
MPRegen  0.09/turn              (no ring)

@: no status effects
A: rot immunity
a: no special abilities


You were on level 4 of the Dungeon.
You were hungry.

You visited 1 branch of the dungeon, and saw 4 of its levels.

You collected 87 gold pieces.

Inventory:

Hand Weapons
 a - a +0 flail (weapon)
Missiles
 d - 2 throwing nets (quivered)
Armour
 b - a +0 leather armour (worn)
 c - a +0 helmet (worn)
 e - a +0 pair of gloves
 i - a scarf of harm (worn)
 l - a +0 cloak
 q - a +0 pair of gloves (worn)
Jewellery
 g - an uncursed ring of fire
 p - a ring of see invisible (left hand)
Scrolls
 j - a scroll of random uselessness {unknown}
 m - a scroll of remove curse {unknown}
 n - a scroll of identify {unknown}
 r - a scroll of teleportation {unknown}
Potions
 h - 2 potions of ambrosia {unknown}
 k - a potion of lignification {unknown}
 o - a potion of mutation {unknown}
Comestibles
 f - 4 rations


   Skills:
 + Level 2.3 Fighting
 + Level 3.6 Maces & Flails
 + Level 1.8 Throwing
 + Level 1.0 Armour
 + Level 3.6 Dodging
 + Level 0.1 Stealth


You had 3 spell levels left.
You didn't know any spells.
Your spell library was empty.

Dungeon Overview and Level Annotations

Branches:
Dungeon (4/15)
 Temple: D:4-7

Altars:
Ashenzari


Innate Abilities, Weirdness & Mutations

You are immune to rotting.


Message History

Number of times to repeat, then command key: You must enter the number of times for the command to repeat.
Throwing (i - inventory)
d - 3 throwing nets (quivered)
Press: ? - help, Shift-Dir - straight line, f - ogre
Aim: an ogre, wielding a +0 giant spiked club You throw a throwing net.
The throwing net hits the ogre.
The ogre is caught in the net!
The ogre struggles against the net.
The ogre struggles against the net.
You hit the ogre but do no damage.
The ogre struggles against the net.
You strike the helpless ogre from behind!
You sock the ogre!
The ogre is moderately wounded.
The ogre struggles against the net.
You hit the ogre.
The ogre is heavily wounded.
The ogre struggles against the net.
The net rips apart, and the ogre comes free!
The ogre hits you with a +0 giant spiked club!!
Ouch! That really hurt!
You die...

..........##+#.##..#<...#
...............##..#....#
...............##..#....#
...............##..#....#
.......#..............#.#
......##......#########.#
......+......... #.#
......#.....###########.#
#.....#.....+..O@.......#
...####.....##.#.########
...####........#.#
...#...........).#
............######
.......#.........
................#
#...............#
'.................


You could see an ogre.

Vanquished Creatures
  An orc priest (D:4)
  A gnoll (D:2)
  2 adders (D:2)
  A worm (D:2)
  A dart slug (D:3)
  A leopard gecko (D:1)
  3 orcs
  4 goblins
  4 hobgoblins (D:1)
  4 kobolds
  3 bats
  2 rats
27 creatures vanquished.

Notes
Turn   | Place    | Note
-------+----------+-------------------------------------------
     0 | D:1      | Doot the Demonspawn Gladiator began the quest for the Orb.
     0 | D:1      | Reached XP level 1. HP: 16/16 MP: 1/1
   173 | D:1      | Gained mutation: You are immune to rotting. [demonic
                  | ancestry]
   173 | D:1      | Reached XP level 2. HP: 22/22 MP: 2/2
   619 | D:2      | Reached XP level 3. HP: 27/27 MP: 3/3
   804 | D:3      | Found a shattered altar of Ashenzari.
   949 | D:4      | Reached skill level 1 in Armour
   949 | D:4      | Reached XP level 4. HP: 16/33 MP: 4/4
  1351 | D:4      | Noticed an ogre
  1385 | D:4      | Slain by an ogre

Illustrated notes

Levels and vault maps discovered:
D:1:      nicolae_arrival_washed_ashore, layout_loops_ring
D:2:      layout_loops_corners, gammafunk_temple_overflow_elements,
          gammafunk_temple_overflow_statue, serial_bayou, serial_bayou_shore_b,
          serial_bayou_lagoon_a, serial_bayou_ford_a, serial_bayou_pond_b
D:3:      layout_loops_corners, grunt_temple_overflow_magic_moments,
          nicolae_overflow_crystal_walls, cheibrodos_ashenzari_chains,
          minmay_misc_feat_chi
D:4:      layout_basic, minmay_temple_entry_large_hall, first_ration,
          serial_shops, shop_scrolls, uniq_eustachio

Skill      XL: |  1  2  3 |
---------------+----------+-----
Dodging        | 3 |  3.6
Maces & Flails | 3 |  3.6
Armour         | 1 |  1.0
Fighting       | |  2.3
Throwing       | |  1.8
Stealth        | |  0.1

Action                   |  1- 3 |  4- 6 || total
-------------------------+-------+-------++-------
Melee: Flail             |    70 |     8 ||    78
Throw: Throwing net      |       |     1 ||     1
 Stab: Held in net/web   |       |     1 ||     1
  Eat: Chunk             |       |     1 ||     1
Armor: Leather armour    |    16 |     1 ||    17
Dodge: Dodged            |    62 |     7 ||    69
